 Dungeon Crawl Stone Soup version 0.25-a0-661-g55ea3d2053 (console) character file.

Game seed: 15732361829052518496, levelgen mode: classic

533 Duffy the Ruffian (level 7, -8/52 HPs)
             Began as a Black Draconian Transmuter on Mar 23, 2020.
             Mangled by Theblade12's ghost (12 damage)
             ... on level 5 of the Dungeon.
             The game lasted 00:04:01 (4747 turns).

Duffy the Ruffian (Black Draconian Transmuter)      Turns: 4747, Time: 00:04:02

Health: -8/52      AC:  2    Str: 13    XL:     7   Next: 4%
Magic:  15/22      EV: 20    Int: 15    God:
Gold:   169        SH:  0    Dex: 16    Spells: 8/14 levels left

rFire    . . .     SeeInvis .     - Unarmed
rCold    . . .     Gourm    +   (shield currently unavailable)
rNeg     . . .     Faith    .   (armour unavailable)
rPois    x         Spirit   .   (helmet currently unavailable)
rElec    .         Reflect  .   (cloak currently unavailable)
rCorr    .         Harm     .   (gloves currently unavailable)
MR       +....                  (boots currently unavailable)
Stlth    +.........             f - amulet of the gourmand
HPRegen  0.17/turn              e - ring of protection from magic
MPRegen  0.18/turn              r - ring of magical power (curse)

@: spider-form
A: tiny, (breathe lightning), unfitting armour, AC +6
a: End Transformation


You were on level 5 of the Dungeon.
You were completely stuffed.
You were a venomous arachnid creature.
You visited 1 branch of the dungeon, and saw 5 of its levels.

You collected 169 gold pieces.

Inventory:

Hand Weapons
 s - the +6 short sword "Vesmibak" {flame, Dex+3, unknown}
   (You found it on level 5 of the Dungeon)

   It has been specially enchanted to burn those struck by it, causing extra
   injury to most foes and up to half again as much damage against particularly
   susceptible opponents.
   It affects your dexterity (+3).
Missiles
 a - 84 arrows
Armour
 j - a +0 pair of gloves (melded)
 k - a +0 cloak (melded)
Jewellery
 e - a ring of protection from magic (left front leg)
 f - an amulet of the gourmand (around neck)
 l - an uncursed ring of protection from magic
 r - a cursed ring of magical power (right front leg)
Scrolls
 b - 4 scrolls of remove curse
 d - 3 scrolls of enchant armour
 g - a scroll of blinking {unknown}
 h - a scroll of teleportation
 n - a scroll of enchant weapon {unknown}
Potions
 i - 3 potions of curing
 m - a potion of brilliance
 o - 2 potions of might
 p - a potion of berserk rage
 q - 2 potions of flight
Comestibles
 c - 4 rations


   Skills:
 + Level 1.4 Fighting
 * Level 2.1 Dodging
 * Level 5.2 Unarmed Combat
 - Level 4.0 Spellcasting
 - Level 4.0 Transmutations
 - Level 2.0 Poison Magic


You had 8 spell levels left.
You knew the following spells:

 Your Spells              Type           Power        Failure   Level  Hunger
h - Beastly Appendage     Tmut           ###...       12%         1    None
j - Sticks to Snakes      Tmut           ###.....     16%         2    ##.....
k - Spider Form           Tmut/Pois      ##........   34%         3    ###....

Your spell library contained the following spells:

 Spells                   Type           Power        Failure   Level  Hunger
 Ice Form                 Ice/Tmut       #.......     80%         4    ####...
 Blade Hands              Tmut           ###.......   85%         5    ######.


Dungeon Overview and Level Annotations

Branches:
Dungeon (5/15)
 Temple: D:4-7

Altars:
Nemelex Xobeh

Annotations:
D:3 1 exclusion
D:5 Theblade12's ghost, novice OpFi


Innate Abilities, Weirdness & Mutations

((You can breathe wild blasts of lightning.))
((Your glossy black scales are hard. (AC +6)))
You cannot fit into any form of body armour.
((You are resistant to electric shocks. (rElec)))
((You are cold-blooded and may be slowed by cold attacks.))


Message History

Theblade12's ghost is moderately damaged.
Theblade12's ghost misses you.
You barely miss Theblade12's ghost.
Theblade12's ghost is moderately damaged.
Theblade12's ghost hits you.
You barely miss Theblade12's ghost.
Theblade12's ghost is moderately damaged.
Theblade12's ghost hits you.
You hit Theblade12's ghost.
Theblade12's ghost is heavily damaged.
Theblade12's ghost hits you!
You bite Theblade12's ghost!
Theblade12's ghost is heavily damaged.
You bite Theblade12's ghost!
Theblade12's ghost is severely damaged.
Theblade12's ghost hits you!
You bite Theblade12's ghost!
Theblade12's ghost is almost destroyed.
Theblade12's ghost hits you!
You die...

#..##..###.#.#
##...#.#.## #.###
##..##..#
#######..#..###.#
....##..#
#.(..7#....#.#.##
...###..#
#.(.$.#.#.##<..# ####
#..#
#...(.'$#.#.###[.....
######..#
#7....'......#.....#.
.........
#..(..'l......#######....
#######. #(...(#W#######
..... ......# #.....#s#
###.. #####.# #########
#.. # ... # ### # # ## (#
.#### #.# .)..########.#
#..


You could see Theblade12's ghost and a leopard gecko.

Vanquished Creatures
  A phantom (D:4)
  A big kobold (D:3)
  A water moccasin skeleton (D:4)
  An orc priest (D:4)
  An iguana (D:5)
  2 orc wizards
  2 worker ants
  A hound skeleton (D:5)
  4 gnolls (D:4)
  4 adders
  An adder zombie (D:5)
  An adder skeleton (D:4)
  2 dart slugs
  4 leopard geckos
  10 orcs
  A ball python (D:2)
  4 bats
  2 giant cockroaches
  5 hobgoblins
  7 jackals
  6 kobolds
  3 frilled lizards
  7 goblins
  A jackal zombie (D:5)
  A quokka zombie (D:5)
  A rat (D:1)
74 creatures vanquished.

Notes
Turn   | Place    | Note
-------+----------+-------------------------------------------
     0 | D:1      | Duffy the Draconian Transmuter began the quest for the Orb.
     0 | D:1      | Reached XP level 1. HP: 16/16 MP: 3/3
   510 | D:1      | Reached XP level 2. HP: 20/23 MP: 5/5
  1227 | D:2      | Reached XP level 3. HP: 15/28 MP: 6/6
  1231 | D:2      | Learned a level 2 spell: Sticks to Snakes
  1235 | D:2      | Learned a level 3 spell: Spider Form
  1647 | D:2      | Found a sparkling altar of Nemelex Xobeh.
  1700 | D:2      | Noticed a phantom
  2239 | D:3      | Noticed a big kobold
  2273 | D:3      | Killed a big kobold
  2273 | D:3      | Reached skill level 1 in Poison Magic
  2273 | D:3      | Reached XP level 4. HP: 18/35 MP: 5/8
  2512 | D:4      | Reached XP level 5. HP: 19/40 MP: 5/9
  2533 | D:4      | Reached skill level 4 in Unarmed Combat
  3117 | D:4      | Noticed a phantom
  3160 | D:4      | Killed a phantom
  3160 | D:4      | Reached XP level 6. HP: 16/47 MP: 7/11
  4132 | D:5      | Entered Level 5 of the Dungeon
  4311 | D:5      | Reached skill level 5 in Unarmed Combat
  4462 | D:5      | Got a polished short sword
  4509 | D:5      | Your scales start taking on a glossy black colour.
  4509 | D:5      | Reached XP level 7. HP: 43/52 MP: 9/13
  4509 | D:5      | Gained mutation: You are resistant to electric shocks.
                  | (rElec) [Black Draconian growth]
  4713 | D:5      | Found a runed translucent gate.
  4727 | D:5      | Found a runed translucent gate.
  4727 | D:5      | Found a runed translucent gate.
  4729 | D:5      | Noticed Theblade12's ghost (novice OpFi)
  4747 | D:5      | Mangled by Theblade12's ghost

Levels and vault maps discovered:
D:1:      co_arrival_random_square_maze, layout_basic
D:2:      layout_basic, lemuel_doored_altar
D:3:      minmay_goblin_kobold_castle, layout_rooms, kennysheep_generic_room_9
D:4:      layout_basic, minmay_close_crescents
D:5:      layout_loops_ring, ebering_ghost_rock_garden, first_ration

Skill      XL: |  1  2  3  4  5  6 |
---------------+-------------------+-----
Spellcasting   | 3 4 |  4.0
Transmutations | 3 4 |  4.0
Poison Magic   | 1 2 |  2.0
Unarmed Combat | 4 5 |  5.2
Dodging        | 2 |  2.1
Fighting       | |  1.4

Action                   |  1- 3 |  4- 6 |  7- 9 || total
-------------------------+-------+-------+-------++-------
Melee: Unarmed           |   177 |   149 |    18 ||   344
       Tailslap          |    17 |     9 |       ||    26
       Punch             |     3 |     1 |       ||     4
 Cast: Spider Form       |     1 |    10 |     1 ||    12
  Use: Scroll            |     2 |     5 |       ||     7
 Stab: Sleeping          |     2 |     1 |       ||     3
  Eat: Chunk             |    12 |    10 |     1 ||    23
Armor: Skin              |    61 |    24 |       ||    85
Dodge: Dodged            |   126 |    93 |    10 ||   229

Table legend:
 A = Non-vault XP
 B = Vault XP
 C = Vault XP percentage of total XP
 D = Non-vault monster count
 E = Vault monster count
 F = Vault count percentage of total count
                 A         B        C        D         E       F
            +---------+---------+-------+---------+---------+-------
      Total |     504 |     258 |  33.9 |      66 |       8 |  10.8
            +---------+---------+-------+---------+---------+-------
        D:1 |      30 |       0 |   0.0 |      16 |       0 |   0.0
        D:2 |      29 |       0 |   0.0 |       9 |       0 |   0.0
        D:3 |      31 |     105 |  77.2 |      10 |       4 |  28.6
        D:4 |     258 |     153 |  37.2 |      17 |       4 |  19.0
        D:5 |     156 |       0 |   0.0 |      14 |       0 |   0.0
            +---------+---------+-------+---------+---------+-------
